 Dungeon Crawl Stone Soup version 0.20.0-15-g7f486f2 (webtiles) character file.

1103 systemy the Cleaver (level 8, -21/70 HPs)
             Began as a Minotaur Berserker on June 25, 2017.
             Was a Priest of Trog.
             Demolished by an orc warrior
             ... wielding a +0 glaive
              (29 damage)
             ... on level 6 of the Dungeon.
             The game lasted 00:08:11 (4009 turns).

systemy the Cleaver (Minotaur Berserker)            Turns: 4009, Time: 00:08:11

Health: -21/70     AC:  4    Str: 25    XL:     8   Next: 10%
Magic:  7/7        EV: 12    Int:  4    God:    Trog [***...]
Gold:   343        SH:  5    Dex:  9    Spells: 7/7 levels left

rFire    . . .     SeeInvis .   a - +1 hand axe
rCold    . . .     Gourm    .   e - +1 buckler
rNeg     . . .     Faith    .   j - +0 leather armour
rPois    .         Spirit   .   (helmet restricted)
rElec    .         Reflect  .   g - +0 cloak
rCorr    .         Harm     .   (no gloves)
MR       .....                  (no boots)
Stlth    +.........             (no amulet)
Regen    0.3/turn               (no ring)
MPRegen  0.1/turn               (no ring)

@: no status effects
A: retaliatory headbutt, horns 2
a: Berserk, Trog's Hand, Burn Spellbooks, Renounce Religion


You were on level 6 of the Dungeon.
You worshipped Trog.
Trog was most pleased with you.
You were hungry.

You visited 1 branch of the dungeon, and saw 6 of its levels.

You collected 343 gold pieces.

Inventory:

Hand Weapons
 a - a +1 hand axe (weapon)
Armour
 b - a +0 animal skin
 e - a +1 buckler (worn)
 g - a +0 cloak (worn)
 j - a +0 leather armour (worn)
Jewellery
 f - a +2 ring of evasion
 o - an uncursed ring of fire
 u - an uncursed ring of stealth
 v - an uncursed ring of ice {unknown}
 z - a cursed ring of loudness {unknown}
 E - an uncursed amulet of regeneration {unknown}
 I - an uncursed ring of protection from fire
Wands
 n - a wand of random effects (29/48)
 w - a wand of paralysis (16/24)
 H - a wand of paralysis (9/24)
 J - a wand of confusion (30/48)
Scrolls
 k - a scroll of enchant weapon
 m - 2 scrolls of identify
 p - a scroll of immolation
 q - 3 scrolls of remove curse
 y - 2 scrolls of recharging
 B - a scroll of fog
Potions
 i - 2 potions of curing
 l - a potion of flight
 r - a potion of haste
 x - 3 potions of brilliance
 C - a potion of heal wounds
Comestibles
 c - 5 bread rations
 d - 4 royal jellies
 h - 3 meat rations


   Skills:
 + Level 6.0 Fighting
 + Level 8.3 Axes
 + Level 4.0 Armour
 - Level 2.1 Dodging
 + Level 2.0 Stealth
 * Level 5.3 Shields


You had 7 spell levels left.
You didn't know any spells.

Dungeon Overview and Level Annotations

Branches:
Dungeon (6/15)
 Temple: D:4-7

Altars:
Elyvilon
Sif Muna
Vehumet
Xom
Yredelemnul
The Shining One

Shops:
D:5 ?   D:6 [


Innate Abilities, Weirdness & Mutations

You reflexively headbutt those who attack you in melee.
You have a pair of horns on your head.


Message History

a dagger; a robe; a leather armour; an orc corpse x2
You hit the orc warrior.
The orc warrior is lightly wounded.
You hit the orc warrior.
The orc warrior is lightly wounded.
The orc warrior hits you with a glaive.
You closely miss the orc warrior.
The orc warrior is lightly wounded.
The orc warrior hits you with a glaive!!
* * * LOW HITPOINT WARNING * * *
You barely miss the orc warrior.
The orc warrior is lightly wounded.
You hit the orc warrior but do no damage.
The orc warrior is lightly wounded.
The orc warrior hits you with a glaive!
* * * LOW HITPOINT WARNING * * *
You closely miss the orc warrior.
The orc warrior is lightly wounded.
The orc warrior hits you with a glaive!!
You die...

.........# #.#
.######..# #.# .# #∩.##
#.##. #...# # #...
###..# ..######..#
##....### #.....>...#
#..#.....
#........######.###....
#...o@)........# ####.
#....†..######## #.
..........# #.
..........# ##
###.......# #..$.....
#####..... ####...


You could see an orc warrior.

Vanquished Creatures
  A hippogriff (D:4)
  Duvessa (D:5)
  A necrophage (D:5)
  2 ogres
  A bullfrog (D:5)
  Dowan (D:5)
  A howler monkey (D:5)
  A bullfrog zombie (D:5)
  A bullfrog skeleton (D:6)
  3 orc priests
  2 orc wizards
  A worker ant (D:4)
  8 adders
  2 oozes
  An adder skeleton (D:4)
  2 worms
  A dart slug (D:2)
  5 leopard geckos
  11 orcs
  4 giant cockroaches
  6 goblins
  7 hobgoblins
  3 jackals (D:3)
  2 quokkas
  A ball python (D:3)
  8 bats
  2 frilled lizards (D:3)
  6 kobolds
  9 rats
94 creatures vanquished.

Notes
Turn   | Place    | Note
-------+----------+-------------------------------------------
     0 | D:1      | systemy the Minotaur Berserker began the quest for the Orb.
     0 | D:1      | Reached XP level 1. HP: 19/19 MP: 0/0
    95 | D:1      | Reached skill level 4 in Axes
   355 | D:1      | Reached XP level 2. HP: 26/27 MP: 1/1
   954 | D:2      | Reached skill level 1 in Shields
   954 | D:2      | Reached XP level 3. HP: 28/33 MP: 2/2
   972 | D:2      | Found a basalt altar of Yredelemnul.
  1258 | D:2      | Reached XP level 4. HP: 29/40 MP: 3/3
  1381 | D:2      | Reached ** piety under Trog
  1588 | D:3      | Reached skill level 5 in Axes
  1794 | D:3      | Found a glowing golden altar of the Shining One.
  1933 | D:3      | Reached XP level 5. HP: 41/47 MP: 4/4
  2062 | D:4      | Reached skill level 6 in Axes
  2313 | D:4      | Reached *** piety under Trog
  2339 | D:4      | Noticed a hippogriff
  2352 | D:4      | Killed a hippogriff
  2352 | D:4      | Reached skill level 5 in Fighting
  2352 | D:4      | Reached skill level 1 in Stealth
  2352 | D:4      | Reached XP level 6. HP: 32/56 MP: 5/5
  2774 | D:4      | Reached skill level 7 in Axes
  2774 | D:4      | Reached XP level 7. HP: 54/61 MP: 6/6
  3002 | D:5      | Entered Level 5 of the Dungeon
  3030 | D:5      | Found Gucw's Magic Scroll Shoppe.
  3528 | D:5      | Found a deep blue altar of Sif Muna.
  3531 | D:5      | Found a shimmering altar of Xom.
  3531 | D:5      | Found a white marble altar of Elyvilon.
  3535 | D:5      | Found a radiant altar of Vehumet.
  3572 | D:5      | Noticed Duvessa
  3572 | D:5      | Noticed Dowan
  3583 | D:5      | Killed Duvessa
  3583 | D:5      | Reached skill level 8 in Axes
  3583 | D:5      | Reached skill level 5 in Shields
  3589 | D:5      | Killed Dowan
  3589 | D:5      | Reached XP level 8. HP: 70/70 MP: 7/7
  3960 | D:6      | Found Gugemnic's Antique Armour Shop.
  4009 | D:6      | Demolished by an orc warrior

Skill      XL: |  1  2  3  4  5  6  7  8 |
---------------+-------------------------+-----
Axes           | 4 5 6 7 8 |  8.3
Shields        | 1 2 3 4 5 |  5.3
Fighting       | 4 5 6 |  6.0
Armour         | 3 4 |  4.0
Stealth        | 1 2 |  2.0
Dodging        | |  2.1

Action                   |  1- 3 |  4- 6 |  7- 9 || total
-------------------------+-------+-------+-------++-------
Melee: Hand axe          |    58 |   111 |    77 ||   246
       Headbutt          |     8 |    17 |    18 ||    43
Invok: Burn Spellbooks   |       |       |     1 ||     1
       Berserk           |       |       |     1 ||     1
  Use: Scroll            |       |       |    11 ||    11
       Potion            |       |       |     9 ||     9
 Stab: Sleeping          |       |       |     1 ||     1
  Eat: Chunk             |     1 |     4 |     5 ||    10
Armor: Leather armour    |    11 |    31 |     7 ||    49
       Animal skin       |     1 |       |       ||     1
Dodge: Dodged            |    39 |    76 |    26 ||   141
Block: Buckler           |     9 |    19 |     7 ||    35
